WCHLSIM.com - West Coast Hockey League
html PUBLIC "-//W3C//DTD XHTML 1.0 Transitional//EN" "http://www.w3.org/TR/xhtml1/DTD/xhtml1-transitional.dtd"> WCHL - Game 352 - BANFF WOLVES vs SAN FRANCISCO SPIDERS

BANFF WOLVES vs SAN FRANCISCO SPIDERS

Created - 3 janvier 2021 at 20:52

Goals
1 2 3 OT1 T
BANFF WOLVES 0 1 1 0 2
SAN FRANCISCO SPIDERS 2 0 0 1 3
Shots
1 2 3 OT1 T
BANFF WOLVES 13 6 10 3 32
SAN FRANCISCO SPIDERS 12 5 10 4 31

1st period

1. SAN FRANCISCO SPIDERS , Danton Heinen 6 (Andrei Svechnikov 13) at 12:06
2. SAN FRANCISCO SPIDERS , Dominik Simon 4 (Calle Jarnkrok 8, Dominik Kahun 7) at 13:32

Penalties :
Michael Stone (SAF) for Hooking (Minor) at 1:03

2nd period

3. BANFF WOLVES , James van Riemsdyk 3 (Kevin Labanc 13, James Neal 17) at 5:51

Penalties :
Alex Tuch (BAN) for Holding (Minor) at 3:38, Jordan Oesterle (SAF) for Hooking (Minor) at 7:16, Milan Lucic (SAF) for Hooking (Minor) at 17:11

3rd period

4. BANFF WOLVES , Nikita Gusev 4 (Jack Eichel 8) at 19:16

Penalties :
James Neal (BAN) for Charging (Minor) at 15:00

Overtime #1

5. SAN FRANCISCO SPIDERS , Andrei Svechnikov 14 (Tyler Myers 10, Eric Robinson 3) at 2:44

Penalties :
No Penalty

Goalie Stats

Ilya Samsonov (BAN), 28 saves from 31 shots - (0,903), OTL, 6-3-2, 62:45 minutes
Malcolm Subban (SAF), 30 saves from 32 shots - (0,938), W, 8-5-0, 62:45 minutes

Players Stats for BANFF WOLVES

Player Name              G  A  P  +/- PIM S  H  SB GA TA FO     MP     PP MP  PK MP  
------------------------------------------------------------------------------------
Alex Tuch                0  0  0  -1  2   1  0  0  0  0  0/0    14:46   0:00   0:00 
Jack Eichel              0  1  1   0  0   2  1  0  0  0  23/31  21:21   2:55   1:17 
James Neal               0  1  1   0  2   9  1  1  0  0  0/1    21:23   2:55   1:20 
James van Riemsdyk       1  0  1   1  0   3  0  0  0  0  0/1    15:14   3:02   0:00 
Jamie Oleksiak           0  0  0   0  0   1  0  1  0  0  0/0    18:59   2:32   1:36 
Jason Zucker             0  0  0   0  0   2  2  0  0  0  0/1    18:09   3:02   0:00 
Joel Kellman             0  0  0   1  0   2  1  0  0  0  12/14  12:36   0:24   0:00 
Kevin Connauton          0  0  0   1  0   0  0  0  0  0  0/0    14:34   0:00   0:00 
Kevin Labanc             0  1  1   1  0   2  1  0  0  0  0/1    13:45   0:00   1:33 
Logan O'Connor           0  0  0  -1  0   1  0  0  0  0  4/7     7:53   0:00   0:00 
Mathew Dumba             0  0  0  -1  0   0  1  0  0  0  0/0    27:16   3:25   2:22 
Mike Ferland             0  0  0  -1  0   0  3  0  0  0  1/1     7:53   0:00   0:00 
Miles Wood               0  0  0  -1  0   1  0  1  0  0  0/3     8:42   0:00   0:00 
Miro Heiskanen           0  0  0  -2  0   1  3  2  0  0  0/0    28:23   3:25   2:22 
Nikita Gusev             1  0  1   0  0   3  0  0  0  0  0/1    19:18   2:31   1:05 
Roope Hintz              0  0  0  -1  0   3  1  0  0  0  16/27  20:30   3:02   2:41 
Taylor Fedun             0  0  0   1  0   1  1  0  0  0  0/0    14:34   0:00   0:00 
Trevor van Riemsdyk      0  0  0   0  0   0  0  0  0  0  0/0    18:59   2:32   1:36 

Players Stats for SAN FRANCISCO SPIDERS

Player Name              G  A  P  +/- PIM S  H  SB GA TA FO     MP     PP MP  PK MP  
------------------------------------------------------------------------------------
Alex Chiasson            0  0  0   0  0   2  0  1  0  0  0/3    12:24   2:34   0:00 
Alexander Kerfoot        0  0  0   0  0   5  0  0  0  0  1/2    12:24   0:34   2:00 
Andrei Svechnikov        1  1  2   1  0   3  0  0  0  0  0/4    21:19   1:24   3:05 
Calle Jarnkrok           0  1  1   0  0   2  0  0  0  0  5/13   10:02   0:00   0:00 
Danton Heinen            1  0  1   1  0   6  0  1  0  0  8/24   19:05   1:24   2:54 
Darnell Nurse            0  0  0   1  0   3  4  2  0  0  0/0    19:27   1:01   2:19 
Dominik Kahun            0  1  1   0  0   0  0  0  0  0  0/0    10:02   0:00   0:00 
Dominik Simon            1  0  1   0  0   1  2  1  0  0  0/0    10:02   0:00   0:00 
Eric Robinson            0  1  1   0  0   2  1  0  0  0  1/3    17:04   0:00   0:00 
Erik Haula               0  0  0  -1  0   1  0  0  0  0  8/18   16:23   2:34   2:47 
Jordan Oesterle          0  0  0   0  2   0  0  1  0  0  0/0    19:53   1:13   1:00 
Karl Alzner              0  0  0   1  0   0  0  0  0  0  0/0    19:43   1:44   3:05 
Kirby Dach               0  0  0   0  0   1  0  0  0  0  5/12   17:11   2:00   0:00 
Michael Stone            0  0  0   0  2   1  2  2  0  0  0/0    19:35   1:24   1:39 
Milan Lucic              0  0  0   1  2   1  4  0  0  0  1/5    17:28   1:24   1:08 
Nate Schmidt             0  0  0  -1  0   1  0  3  0  0  0/0    23:43   2:34   2:47 
Nico Sturm               0  0  0   0  0   1  0  0  0  0  3/4    16:08   0:00   0:00 
Tyler Myers              0  1  1   0  0   1  0  2  0  0  0/0    20:22   0:00   1:04 

3 Stars

1 - Andrei Svechnikov (SAF)
2 - Dominik Simon (SAF)
3 - Danton Heinen (SAF)

Power Play

BANFF WOLVES - 0 on 3 Attempt(s) - 0,00%
SAN FRANCISCO SPIDERS - 0 on 2 Attempt(s) - 0,00%

Penalty Kill

BANFF WOLVES - 2 on 2 Attempt(s) - 100,00% - Score 0 goal in Penalty Kill
SAN FRANCISCO SPIDERS - 3 on 3 Attempt(s) - 100,00% - Score 0 goal in Penalty Kill

Team Stat

BANFF WOLVES - Hits : 15 - Faceoff Wins : 56 - Blocked Shots : 5 - Penalty Minutes : 4
SAN FRANCISCO SPIDERS - Hits : 13 - Faceoff Wins : 32 - Blocked Shots : 13 - Penalty Minutes : 6

Official

Referees : Terry Koharski and Robert Hennessey
Linesman : Bryan Pancich and Ryan Galloway

Game Notes

No Game Note

Finance

Level 1 -- Attendance: 5667 (92,83%) -- Ticket Income 850 050 $
Level 2 -- Attendance: 4380 (84,56%) -- Ticket Income 438 000 $
Level 3 -- Attendance: 2035 (100,00%) -- Ticket Income 162 800 $
Level 4 -- Attendance: 3898 (93,25%) -- Ticket Income 233 880 $
Luxury Box -- Attendance: 952 (95,20%) -- Ticket Income 285 600 $
Game was played at the Bay Area Sports Center.
Total Attendance: 16932 (91,52%)
Total Ticket Income: 1 970 330 $
Other Income: 689 616 $
Total Income: 2 659 946 $

BANFF WOLVES

5 vs 5 Forward 
   Center                   Left Wing                Right Wing               Time % Phy DF OF 
 1 Jack Eichel              Jason Zucker             James Neal               31     0   2  3  
 2 Roope Hintz              Nikita Gusev             Alex Tuch                31     0   2  3  
 3 Joel Kellman             James van Riemsdyk       Kevin Labanc             26     1   3  1  
 4 Logan O'Connor           Miles Wood               Mike Ferland             12     0   3  2  

5 vs 5 Defense 
   Defense                  Defense                                           Time % Phy DF OF 
 1 Miro Heiskanen           Mathew Dumba                                      36     0   1  4  
 2 Jamie Oleksiak           Trevor van Riemsdyk                               31     1   2  2  
 3 Taylor Fedun             Kevin Connauton                                   23     1   2  2  
 4 Miro Heiskanen           Mathew Dumba                                      10     1   2  2  

PowerPlay Forward 
   Center                   Left Wing                Right Wing               Time % Phy DF OF 
 1 Jack Eichel              James Neal               Nikita Gusev             55     0   0  5  
 2 Roope Hintz              James van Riemsdyk       Jason Zucker             45     0   0  5  

PowerPlay Defense
   Defense                  Defense                                           Time % Phy DF OF 
 1 Miro Heiskanen           Mathew Dumba                                      55     0   2  3  
 2 Jamie Oleksiak           Trevor van Riemsdyk                               45     0   2  3  

Penalty Kill 4 Players Forward 
   Center                   Wing                     Time % Phy DF OF 
 1 Roope Hintz              James Neal               55     2   3  0  
 2 Jack Eichel              Nikita Gusev             45     3   2  0  

Penalty Kill 4 Players Defense
   Defense                  Defense                  Time % Phy DF OF 
 1 Miro Heiskanen           Mathew Dumba             55     2   3  0  
 2 Jamie Oleksiak           Trevor van Riemsdyk      45     1   4  0  

Penalty Kill - 3 Players Forward 
   Forward                                           Time % Phy DF OF 
 1 James Neal                                        55     1   4  0  
 2 Roope Hintz                                       45     1   4  0  

Penalty Kill - 3 Players Defense
   Defense                  Defense                  Time % Phy DF OF 
 1 Miro Heiskanen           Mathew Dumba             55     1   4  0  
 2 Jamie Oleksiak           Trevor van Riemsdyk      45     1   4  0  

4 vs 4 Forward 
   Center                   Wing                     Time % Phy DF OF 
 1 Jack Eichel              Jason Zucker             55     2   3  0  
 2 Roope Hintz              Nikita Gusev             45     2   3  0  

4 vs 4 Defense
   Defense                  Defense                  Time % Phy DF OF 
 1 Miro Heiskanen           Mathew Dumba             55     1   4  0  
 2 Jamie Oleksiak           Trevor van Riemsdyk      45     1   4  0  

Last Minutes Offensive
   Center                   Left Wing                Right Wing               Defense                  Defense                  
   Jack Eichel              James Neal               Nikita Gusev             Miro Heiskanen           Mathew Dumba             

Last Minutes Defensive
   Center                   Left Wing                Right Wing               Defense                  Defense                  
   Jack Eichel              James Neal               Nikita Gusev             Miro Heiskanen           Mathew Dumba             

Goaltenders
Starting : Ilya Samsonov            
Backup : Pavel Francouz           

Extra Forwards
Normal : Joel Kellman, Nikita Gusev, Roope Hintz - PP : Joel Kellman, Nikita Gusev - PK : Roope Hintz
Extra Defensemen
Normal : Taylor Fedun, Kevin Connauton, Jamie Oleksiak - PP : Taylor Fedun - PK : Kevin Connauton, Jamie Oleksiak
Penalty Shots
Kevin Labanc, Jack Eichel, Roope Hintz, Nikita Gusev, James van Riemsdyk
Custom OT Lines Forwards
Jack Eichel, James Neal, Miles Wood, Nikita Gusev, James van Riemsdyk, Kevin Labanc, Roope Hintz, Alex Tuch, Jason Zucker, Joel Kellman
Custom OT Lines Defensemen
Miro Heiskanen, Mathew Dumba, Jamie Oleksiak, Trevor van Riemsdyk, Taylor Fedun

Scratches
Brady Tkachuk (Concussion Injury)

SAN FRANCISCO SPIDERS

5 vs 5 Forward 
   Center                   Left Wing                Right Wing               Time % Phy DF OF 
 1 Danton Heinen            Milan Lucic              Andrei Svechnikov        30     0   1  4  
 2 Kirby Dach               Eric Robinson            Nico Sturm               30     0   2  3  
 3 Calle Jarnkrok           Dominik Kahun            Dominik Simon            20     0   2  3  
 4 Erik Haula               Alexander Kerfoot        Alex Chiasson            20     0   2  3  

5 vs 5 Defense 
   Defense                  Defense                                           Time % Phy DF OF 
 1 Jordan Oesterle          Nate Schmidt                                      34     0   5  0  
 2 Tyler Myers              Michael Stone                                     33     0   5  0  
 3 Karl Alzner              Darnell Nurse                                     32     0   5  0  
 4 Jordan Oesterle          Nate Schmidt                                      1      0   5  0  

PowerPlay Forward 
   Center                   Left Wing                Right Wing               Time % Phy DF OF 
 1 Danton Heinen            Milan Lucic              Andrei Svechnikov        55     0   1  4  
 2 Erik Haula               Kirby Dach               Alex Chiasson            45     0   1  4  

PowerPlay Defense
   Defense                  Defense                                           Time % Phy DF OF 
 1 Karl Alzner              Nate Schmidt                                      55     0   3  2  
 2 Jordan Oesterle          Michael Stone                                     45     0   3  2  

Penalty Kill 4 Players Forward 
   Center                   Wing                     Time % Phy DF OF 
 1 Danton Heinen            Andrei Svechnikov        55     0   4  1  
 2 Milan Lucic              Erik Haula               45     0   4  1  

Penalty Kill 4 Players Defense
   Defense                  Defense                  Time % Phy DF OF 
 1 Karl Alzner              Nate Schmidt             55     0   5  0  
 2 Jordan Oesterle          Michael Stone            45     0   5  0  

Penalty Kill - 3 Players Forward 
   Forward                                           Time % Phy DF OF 
 1 Erik Haula                                        55     0   5  0  
 2 Andrei Svechnikov                                 45     0   5  0  

Penalty Kill - 3 Players Defense
   Defense                  Defense                  Time % Phy DF OF 
 1 Karl Alzner              Nate Schmidt             55     0   5  0  
 2 Jordan Oesterle          Michael Stone            45     0   5  0  

4 vs 4 Forward 
   Center                   Wing                     Time % Phy DF OF 
 1 Milan Lucic              Andrei Svechnikov        55     1   1  3  
 2 Kirby Dach               Erik Haula               45     1   1  3  

4 vs 4 Defense
   Defense                  Defense                  Time % Phy DF OF 
 1 Karl Alzner              Nate Schmidt             55     1   3  1  
 2 Jordan Oesterle          Michael Stone            45     0   5  0  

Last Minutes Offensive
   Center                   Left Wing                Right Wing               Defense                  Defense                  
   Erik Haula               Eric Robinson            Andrei Svechnikov        Tyler Myers              Nate Schmidt             

Last Minutes Defensive
   Center                   Left Wing                Right Wing               Defense                  Defense                  
   Erik Haula               Eric Robinson            Andrei Svechnikov        Tyler Myers              Nate Schmidt             

Goaltenders
Starting : Malcolm Subban           
Backup : Igor Shesterkin          

Extra Forwards
Normal : Kirby Dach, Nico Sturm, Danton Heinen - PP : Kirby Dach, Nico Sturm - PK : Danton Heinen
Extra Defensemen
Normal : Karl Alzner, Nate Schmidt, Jordan Oesterle - PP : Karl Alzner - PK : Nate Schmidt, Jordan Oesterle
Penalty Shots
Danton Heinen, Andrei Svechnikov, Nico Sturm, Erik Haula, Milan Lucic
Custom OT Lines Forwards
Eric Robinson, Andrei Svechnikov, Nico Sturm, Erik Haula, Milan Lucic, Alex Chiasson, Danton Heinen, Dominik Kahun, Alexander Kerfoot, Kirby Dach
Custom OT Lines Defensemen
Tyler Myers, Nate Schmidt, Jordan Oesterle, Michael Stone, Karl Alzner

Scratches
None


% Time on Ice - BANFF WOLVES

Lines # - Real PCT - Wanted PCT - Time Play
Normal Forward
1 - 30% - 31% - 15:07
2 - 30% - 31% - 14:47
3 - 24% - 26% - 12:12
4 - 16% - 12% - 7:53
Normal Defense
1 - 35% - 36% - 17:26
2 - 30% - 31% - 14:51
3 - 29% - 23% - 14:34
4 - 6% - 10% - 3:08
PP Forward
1 - 49% - 55% - 2:55
2 - 51% - 45% - 3:02
PP Defense
1 - 57% - 55% - 3:25
2 - 43% - 45% - 2:32
PK Forward
1 - 73% - 55% - 2:53
2 - 27% - 45% - 1:05
PK Defense
1 - 60% - 55% - 2:22
2 - 40% - 45% - 1:36
PK3 Forward
1 - 0% - 55%
2 - 0% - 45%
PK3 Defense
1 - 0% - 55%
2 - 0% - 45%
44 Forward
1 - 0% - 55%
2 - 0% - 45%
44 Defense
1 - 0% - 55%
2 - 0% - 45%
Last Minute Offensive  - 0:06
Last Minute Defensive  - 0:00
Total
Forward - 60:00
Defense - 60:00

% Time on Ice - SAN FRANCISCO SPIDERS

Lines # - Real PCT - Wanted PCT - Time Play
Normal Forward
1 - 30% - 30% - 14:47
2 - 30% - 30% - 15:11
3 - 20% - 20% - 10:02
4 - 20% - 20% - 9:50
Normal Defense
1 - 35% - 34% - 17:27
2 - 35% - 33% - 17:15
3 - 30% - 32% - 14:54
4 - 0% - 1% - 0:14
PP Forward
1 - 35% - 55% - 1:24
2 - 65% - 45% - 2:34
PP Defense
1 - 65% - 55% - 2:34
2 - 35% - 45% - 1:24
PK Forward
1 - 53% - 55% - 3:10
2 - 47% - 45% - 2:47
PK Defense
1 - 42% - 55% - 2:30
2 - 58% - 45% - 3:27
PK3 Forward
1 - 0% - 55%
2 - 0% - 45%
PK3 Defense
1 - 0% - 55%
2 - 0% - 45%
44 Forward
1 - 0% - 55%
2 - 0% - 45%
44 Defense
1 - 0% - 55%
2 - 0% - 45%
Last Minute Offensive  - 0:00
Last Minute Defensive  - 0:15
Total
Forward - 60:00
Defense - 60:00

Play-by-Play

1st period


0:01 of 1st period - Jack Eichel wins face-off versus Andrei Svechnikov in neutral zone.
0:01 of 1st period - Jack Eichel is hit by Milan Lucic.
0:13 of 1st period - Icing by Nate Schmidt.
0:14 of 1st period - Roope Hintz wins face-off versus Andrei Svechnikov in SAN FRANCISCO SPIDERS zone.
0:35 of 1st period - Shot by Andrei Svechnikov.
0:35 of 1st period - Shot Misses the Net.
1:03 of 1st period - Minor Penalty to Michael Stone for Hooking.
1:04 of 1st period - Danton Heinen wins face-off versus Jack Eichel in SAN FRANCISCO SPIDERS zone.
2:41 of 1st period - Shot by James Neal.
2:41 of 1st period - Shot Blocked by Darnell Nurse.
2:43 of 1st period - Shot by Miro Heiskanen.
2:43 of 1st period - Stopped by Malcolm Subban without a rebound.
2:44 of 1st period - Roope Hintz wins face-off versus Danton Heinen in SAN FRANCISCO SPIDERS zone.
3:06 of 1st period - Icing by Logan O'Connor.
3:07 of 1st period - Logan O'Connor wins face-off versus Kirby Dach in BANFF WOLVES zone.
3:27 of 1st period - Icing by Eric Robinson.
3:28 of 1st period - Jack Eichel wins face-off versus Kirby Dach in SAN FRANCISCO SPIDERS zone.
3:31 of 1st period - Shot by James Neal.
3:31 of 1st period - Shot Misses the Net.
3:33 of 1st period - Shot by James Neal.
3:33 of 1st period - Stopped by Malcolm Subban without a rebound.
3:34 of 1st period - Joel Kellman wins face-off versus Erik Haula in SAN FRANCISCO SPIDERS zone.
3:37 of 1st period - Shot by Kevin Labanc.
3:37 of 1st period - Shot Blocked by Alex Chiasson.
4:04 of 1st period - Off-side.
4:05 of 1st period - Calle Jarnkrok wins face-off versus Jack Eichel in neutral zone.
5:10 of 1st period - Icing by Jamie Oleksiak.
5:11 of 1st period - Nico Sturm wins face-off versus Roope Hintz in BANFF WOLVES zone.
5:30 of 1st period - Shot by Nico Sturm.
5:30 of 1st period - Shot Blocked by Jamie Oleksiak.
6:09 of 1st period - Icing by Michael Stone.
6:10 of 1st period - Joel Kellman wins face-off versus Milan Lucic in SAN FRANCISCO SPIDERS zone.
6:37 of 1st period - Icing by Kevin Labanc.
6:38 of 1st period - Erik Haula wins face-off versus Kevin Labanc in BANFF WOLVES zone.
6:39 of 1st period - Shot by Alexander Kerfoot.
6:39 of 1st period - Stopped by Ilya Samsonov without a rebound.
6:40 of 1st period - Jack Eichel wins face-off versus Erik Haula in BANFF WOLVES zone.
8:26 of 1st period - Icing by Kevin Labanc.
8:27 of 1st period - Joel Kellman wins face-off versus Calle Jarnkrok in BANFF WOLVES zone.
8:49 of 1st period - Shot by Calle Jarnkrok.
8:49 of 1st period - Stopped by Ilya Samsonov with a rebound.
8:51 of 1st period - Shot by Tyler Myers.
8:51 of 1st period - Stopped by Ilya Samsonov without a rebound.
8:52 of 1st period - Danton Heinen wins face-off versus Roope Hintz in BANFF WOLVES zone.
8:57 of 1st period - Shot by Andrei Svechnikov.
8:57 of 1st period - Shot Misses the Net.
9:24 of 1st period - Shot by Nikita Gusev.
9:24 of 1st period - Shot Misses the Net.
9:26 of 1st period - Shot by Nikita Gusev.
9:26 of 1st period - Stopped by Malcolm Subban without a rebound.
9:27 of 1st period - Kirby Dach wins face-off versus Jack Eichel in SAN FRANCISCO SPIDERS zone.
9:27 of 1st period - Kirby Dach is hit by Jack Eichel.
9:56 of 1st period - Shot by Jason Zucker.
9:56 of 1st period - Deflect By Jack Eichel.
9:56 of 1st period - Stopped by Malcolm Subban without a rebound.
9:57 of 1st period - Logan O'Connor wins face-off versus Erik Haula in SAN FRANCISCO SPIDERS zone.
10:16 of 1st period - Shot by Logan O'Connor.
10:16 of 1st period - Stopped by Malcolm Subban without a rebound.
10:17 of 1st period - Calle Jarnkrok wins face-off versus Joel Kellman in SAN FRANCISCO SPIDERS zone.
10:26 of 1st period - Shot by Kevin Labanc.
10:26 of 1st period - Shot Misses the Net.
10:28 of 1st period - Shot by Miro Heiskanen.
10:28 of 1st period - Shot Misses the Net.
10:30 of 1st period - Shot by Joel Kellman.
10:30 of 1st period - Stopped by Malcolm Subban without a rebound.
10:31 of 1st period - Kirby Dach wins face-off versus Jack Eichel in SAN FRANCISCO SPIDERS zone.
12:06 of 1st period - Shot by Danton Heinen.
12:06 of 1st period - Goal by Danton Heinen - BANFF WOLVES : 0 - SAN FRANCISCO SPIDERS : 1.
12:07 of 1st period - Joel Kellman wins face-off versus Alex Chiasson in neutral zone.
12:14 of 1st period - Shot by Kevin Labanc.
12:14 of 1st period - Stopped by Malcolm Subban with a rebound.
12:34 of 1st period - Shot by Joel Kellman.
12:34 of 1st period - Stopped by Malcolm Subban without a rebound.
12:35 of 1st period - Logan O'Connor wins face-off versus Danton Heinen in SAN FRANCISCO SPIDERS zone.
12:35 of 1st period - Logan O'Connor is hit by Darnell Nurse.
12:37 of 1st period - Shot by Miles Wood.
12:37 of 1st period - Shot Misses the Net.
12:57 of 1st period - Shot by Milan Lucic.
12:57 of 1st period - Shot Misses the Net.
13:07 of 1st period - Shot by Andrei Svechnikov.
13:07 of 1st period - Shot Blocked by Miles Wood.
13:09 of 1st period - Shot by Milan Lucic.
13:09 of 1st period - Stopped by Ilya Samsonov with a rebound.
13:11 of 1st period - Shot by Danton Heinen.
13:11 of 1st period - Shot Misses the Net.
13:13 of 1st period - Shot by Darnell Nurse.
13:13 of 1st period - Stopped by Ilya Samsonov with a rebound.
13:18 of 1st period - Icing by Miro Heiskanen.
13:19 of 1st period - Calle Jarnkrok wins face-off versus Logan O'Connor in BANFF WOLVES zone.
13:32 of 1st period - Shot by Dominik Simon.
13:32 of 1st period - Goal by Dominik Simon - BANFF WOLVES : 0 - SAN FRANCISCO SPIDERS : 2.
13:33 of 1st period - Erik Haula wins face-off versus Roope Hintz in neutral zone.
13:36 of 1st period - Shot by Alexander Kerfoot.
13:36 of 1st period - Stopped by Ilya Samsonov without a rebound.
13:37 of 1st period - Joel Kellman wins face-off versus Calle Jarnkrok in BANFF WOLVES zone.
13:37 of 1st period - Joel Kellman is hit by Dominik Simon.
14:11 of 1st period - Shot by James van Riemsdyk.
14:11 of 1st period - Shot Hit the Post.
14:33 of 1st period - Shot by Erik Haula.
14:33 of 1st period - Deflect By Alex Chiasson.
14:33 of 1st period - Shot Misses the Net.
14:35 of 1st period - Shot by Darnell Nurse.
14:35 of 1st period - Shot Misses the Net.
14:37 of 1st period - Shot by Darnell Nurse.
14:37 of 1st period - Shot Misses the Net.
15:03 of 1st period - Shot by Alexander Kerfoot.
15:03 of 1st period - Shot Misses the Net.
15:17 of 1st period - Shot by Danton Heinen.
15:17 of 1st period - Stopped by Ilya Samsonov without a rebound.
15:18 of 1st period - Nico Sturm wins face-off versus Roope Hintz in BANFF WOLVES zone.
15:21 of 1st period - Shot by Eric Robinson.
15:21 of 1st period - Shot Misses the Net.
15:38 of 1st period - Icing by Mathew Dumba.
15:39 of 1st period - Roope Hintz wins face-off versus Danton Heinen in BANFF WOLVES zone.
15:39 of 1st period - Roope Hintz is hit by Milan Lucic.
15:47 of 1st period - Icing by Michael Stone.
15:48 of 1st period - Jack Eichel wins face-off versus Danton Heinen in SAN FRANCISCO SPIDERS zone.
15:49 of 1st period - Shot by James Neal.
15:49 of 1st period - Stopped by Malcolm Subban without a rebound.
15:50 of 1st period - Jack Eichel wins face-off versus Danton Heinen in SAN FRANCISCO SPIDERS zone.
15:51 of 1st period - Shot by Jason Zucker.
15:51 of 1st period - Shot Misses the Net.
15:53 of 1st period - Shot by Jack Eichel.
15:53 of 1st period - Stopped by Malcolm Subban without a rebound.
15:54 of 1st period - Nico Sturm wins face-off versus Jack Eichel in SAN FRANCISCO SPIDERS zone.
15:54 of 1st period - Nico Sturm is hit by Jason Zucker.
16:07 of 1st period - Icing by Jack Eichel.
16:08 of 1st period - Jack Eichel wins face-off versus Milan Lucic in BANFF WOLVES zone.
16:46 of 1st period - Shot by Jack Eichel.
16:46 of 1st period - Shot Misses the Net.
17:16 of 1st period - Shot by Eric Robinson.
17:16 of 1st period - Shot Misses the Net.
17:18 of 1st period - Shot by Michael Stone.
17:18 of 1st period - Stopped by Ilya Samsonov without a rebound.
17:19 of 1st period - Calle Jarnkrok wins face-off versus Logan O'Connor in BANFF WOLVES zone.
17:20 of 1st period - Shot by Dominik Kahun.
17:20 of 1st period - Deflect By Calle Jarnkrok.
17:20 of 1st period - Stopped by Ilya Samsonov without a rebound.
17:21 of 1st period - Logan O'Connor wins face-off versus Calle Jarnkrok in BANFF WOLVES zone.
17:38 of 1st period - Shot by Miles Wood.
17:38 of 1st period - Stopped by Malcolm Subban without a rebound.
17:39 of 1st period - Roope Hintz wins face-off versus Kirby Dach in SAN FRANCISCO SPIDERS zone.
18:02 of 1st period - Shot by Eric Robinson.
18:02 of 1st period - Deflect By Kirby Dach.
18:02 of 1st period - Stopped by Ilya Samsonov without a rebound.
18:03 of 1st period - Jack Eichel wins face-off versus Erik Haula in BANFF WOLVES zone.
18:07 of 1st period - Off-side.
18:08 of 1st period - Jack Eichel wins face-off versus Erik Haula in neutral zone.
18:16 of 1st period - Shot by James Neal.
18:16 of 1st period - Stopped by Malcolm Subban without a rebound.
18:17 of 1st period - Roope Hintz wins face-off versus Calle Jarnkrok in SAN FRANCISCO SPIDERS zone.
18:27 of 1st period - Shot by Dominik Kahun.
18:27 of 1st period - Shot Misses the Net.
18:51 of 1st period - Shot by Alex Tuch.
18:51 of 1st period - Shot Blocked by Michael Stone.
18:53 of 1st period - Shot by Nikita Gusev.
18:53 of 1st period - Shot Blocked by Dominik Simon.
18:55 of 1st period - Shot by Mathew Dumba.
18:55 of 1st period - Shot Misses the Net.
18:57 of 1st period - Shot by Nikita Gusev.
18:57 of 1st period - Deflect By Roope Hintz.
18:57 of 1st period - Stopped by Malcolm Subban without a rebound.
18:58 of 1st period - Kirby Dach wins face-off versus Jason Zucker in SAN FRANCISCO SPIDERS zone.
Goals for this period are 0 for BANFF WOLVES vs 2 for SAN FRANCISCO SPIDERS.
Shots for this period are 13 for BANFF WOLVES vs 12 for SAN FRANCISCO SPIDERS.

2nd period


0:01 of 2nd period - Alexander Kerfoot wins face-off versus Roope Hintz in neutral zone.
0:26 of 2nd period - Icing by Nikita Gusev.
0:27 of 2nd period - Roope Hintz wins face-off versus Danton Heinen in BANFF WOLVES zone.
0:27 of 2nd period - Roope Hintz is hit by Milan Lucic.
0:44 of 2nd period - Danton Heinen is hit by Miro Heiskanen.
0:55 of 2nd period - Alex Tuch is hit by Michael Stone and loses puck.
1:13 of 2nd period - James van Riemsdyk is hit by Michael Stone and loses puck.
1:36 of 2nd period - Kevin Labanc is hit by Milan Lucic and loses puck.
2:13 of 2nd period - Shot by Jack Eichel.
2:13 of 2nd period - Shot Misses the Net.
2:15 of 2nd period - Shot by James Neal.
2:15 of 2nd period - Stopped by Malcolm Subban without a rebound.
2:16 of 2nd period - Kirby Dach wins face-off versus Miles Wood in SAN FRANCISCO SPIDERS zone.
3:21 of 2nd period - Shot by Alexander Kerfoot.
3:21 of 2nd period - Stopped by Ilya Samsonov without a rebound.
3:22 of 2nd period - Roope Hintz wins face-off versus Calle Jarnkrok in BANFF WOLVES zone.
3:38 of 2nd period - Minor Penalty to Alex Tuch for Holding.
3:39 of 2nd period - Erik Haula wins face-off versus Roope Hintz in BANFF WOLVES zone.
4:31 of 2nd period - Andrei Svechnikov is hit by Mathew Dumba and loses puck.
4:39 of 2nd period - Icing by Danton Heinen.
4:40 of 2nd period - Jack Eichel wins face-off versus Danton Heinen in SAN FRANCISCO SPIDERS zone.
5:05 of 2nd period - Shot by Nate Schmidt.
5:05 of 2nd period - Stopped by Ilya Samsonov without a rebound.
5:06 of 2nd period - Erik Haula wins face-off versus Nikita Gusev in BANFF WOLVES zone.
5:51 of 2nd period - Shot by James van Riemsdyk.
5:51 of 2nd period - Goal by James van Riemsdyk - BANFF WOLVES : 1 - SAN FRANCISCO SPIDERS : 2.
5:52 of 2nd period - Calle Jarnkrok wins face-off versus Logan O'Connor in neutral zone.
5:52 of 2nd period - Dominik Simon is hit by Mike Ferland and loses puck.
6:08 of 2nd period - Dominik Kahun is hit by Miro Heiskanen and loses puck.
7:16 of 2nd period - Minor Penalty to Jordan Oesterle for Hooking.
7:17 of 2nd period - Jack Eichel wins face-off versus Danton Heinen in SAN FRANCISCO SPIDERS zone.
7:18 of 2nd period - Shot by James Neal.
7:18 of 2nd period - Deflect By Nikita Gusev.
7:18 of 2nd period - Stopped by Malcolm Subban without a rebound.
7:19 of 2nd period - Jack Eichel wins face-off versus Danton Heinen in SAN FRANCISCO SPIDERS zone.
8:30 of 2nd period - Shot by Roope Hintz.
8:30 of 2nd period - Stopped by Malcolm Subban without a rebound.
8:31 of 2nd period - Roope Hintz wins face-off versus Milan Lucic in SAN FRANCISCO SPIDERS zone.
8:36 of 2nd period - Shot by Jason Zucker.
8:36 of 2nd period - Shot Misses the Net.
8:52 of 2nd period - Shot by Jason Zucker.
8:52 of 2nd period - Shot Misses the Net.
10:54 of 2nd period - Off-side.
10:55 of 2nd period - Roope Hintz wins face-off versus Erik Haula in neutral zone.
11:07 of 2nd period - Alex Chiasson is hit by Miro Heiskanen and loses puck.
11:34 of 2nd period - Shot by Alex Chiasson.
11:34 of 2nd period - Deflect By Erik Haula.
11:34 of 2nd period - Stopped by Ilya Samsonov with a rebound.
12:04 of 2nd period - Shot by Nico Sturm.
12:04 of 2nd period - Shot Misses the Net.
12:08 of 2nd period - Shot by Nico Sturm.
12:08 of 2nd period - Stopped by Ilya Samsonov without a rebound.
12:09 of 2nd period - Milan Lucic wins face-off versus Joel Kellman in BANFF WOLVES zone.
12:15 of 2nd period - Icing by Trevor van Riemsdyk.
12:16 of 2nd period - Joel Kellman wins face-off versus Danton Heinen in BANFF WOLVES zone.
12:31 of 2nd period - Shot by Kevin Labanc.
12:31 of 2nd period - Deflect By James van Riemsdyk.
12:31 of 2nd period - Shot Blocked by Darnell Nurse.
12:39 of 2nd period - Shot by James van Riemsdyk.
12:39 of 2nd period - Shot Misses the Net.
12:41 of 2nd period - Shot by Kevin Labanc.
12:41 of 2nd period - Stopped by Malcolm Subban without a rebound.
12:42 of 2nd period - Kirby Dach wins face-off versus Jack Eichel in SAN FRANCISCO SPIDERS zone.
12:42 of 2nd period - Kirby Dach is hit by James Neal.
13:24 of 2nd period - Shot by Jason Zucker.
13:24 of 2nd period - Stopped by Malcolm Subban with a rebound.
13:53 of 2nd period - Shot by Alexander Kerfoot.
13:53 of 2nd period - Shot Blocked by Miro Heiskanen.
14:18 of 2nd period - Icing by Alex Chiasson.
14:19 of 2nd period - Joel Kellman wins face-off versus Erik Haula in SAN FRANCISCO SPIDERS zone.
14:20 of 2nd period - Shot by Kevin Labanc.
14:20 of 2nd period - Shot Misses the Net.
14:36 of 2nd period - Shot by Kevin Labanc.
14:36 of 2nd period - Shot Misses the Net.
14:41 of 2nd period - Icing by Erik Haula.
14:42 of 2nd period - Roope Hintz wins face-off versus Alexander Kerfoot in SAN FRANCISCO SPIDERS zone.
15:13 of 2nd period - Icing by Darnell Nurse.
15:14 of 2nd period - Joel Kellman wins face-off versus Danton Heinen in SAN FRANCISCO SPIDERS zone.
15:37 of 2nd period - Shot by Kevin Labanc.
15:37 of 2nd period - Shot Misses the Net.
15:47 of 2nd period - Shot by Danton Heinen.
15:47 of 2nd period - Stopped by Ilya Samsonov without a rebound.
15:48 of 2nd period - Roope Hintz wins face-off versus Kirby Dach in BANFF WOLVES zone.
15:50 of 2nd period - Icing by Alex Tuch.
15:51 of 2nd period - Roope Hintz wins face-off versus Kirby Dach in BANFF WOLVES zone.
16:04 of 2nd period - Shot by Nikita Gusev.
16:04 of 2nd period - Shot Misses the Net.
16:21 of 2nd period - Shot by Roope Hintz.
16:21 of 2nd period - Shot Misses the Net.
16:25 of 2nd period - Shot by Alex Tuch.
16:25 of 2nd period - Shot Misses the Net.
17:11 of 2nd period - Minor Penalty to Milan Lucic for Hooking.
17:12 of 2nd period - Danton Heinen wins face-off versus Roope Hintz in SAN FRANCISCO SPIDERS zone.
17:23 of 2nd period - Nate Schmidt is hit by Jason Zucker and loses puck.
17:28 of 2nd period - Shot by James van Riemsdyk.
17:28 of 2nd period - Shot Blocked by Nate Schmidt.
17:30 of 2nd period - Shot by Jason Zucker.
17:30 of 2nd period - Shot Misses the Net.
17:32 of 2nd period - Shot by Mathew Dumba.
17:32 of 2nd period - Shot Misses the Net.
17:34 of 2nd period - Shot by Miro Heiskanen.
17:34 of 2nd period - Shot Blocked by Danton Heinen.
18:15 of 2nd period - Shot by James Neal.
18:15 of 2nd period - Shot Misses the Net.
18:48 of 2nd period - Darnell Nurse is hit by Roope Hintz and loses puck.
19:12 of 2nd period - Darnell Nurse is hit by Mike Ferland.
19:41 of 2nd period - Dominik Kahun is hit by Taylor Fedun and loses puck.
19:45 of 2nd period - Icing by Kevin Connauton.
19:46 of 2nd period - Mike Ferland wins face-off versus Nico Sturm in BANFF WOLVES zone.
Goals for this period are 1 for BANFF WOLVES vs 0 for SAN FRANCISCO SPIDERS.
Shots for this period are 6 for BANFF WOLVES vs 5 for SAN FRANCISCO SPIDERS.

3rd period


0:01 of 3rd period - Danton Heinen wins face-off versus James Neal in neutral zone.
1:51 of 3rd period - Shot by Kevin Labanc.
1:51 of 3rd period - Shot Blocked by Jordan Oesterle.
1:53 of 3rd period - Shot by Taylor Fedun.
1:53 of 3rd period - Stopped by Malcolm Subban with a rebound.
1:55 of 3rd period - Shot by Joel Kellman.
1:55 of 3rd period - Deflect By Kevin Labanc.
1:55 of 3rd period - Shot Blocked by Nate Schmidt.
1:59 of 3rd period - Shot by Kevin Labanc.
1:59 of 3rd period - Shot Misses the Net.
2:01 of 3rd period - Shot by Taylor Fedun.
2:01 of 3rd period - Shot Misses the Net.
2:47 of 3rd period - Shot by Alexander Kerfoot.
2:47 of 3rd period - Stopped by Ilya Samsonov without a rebound.
2:48 of 3rd period - Jack Eichel wins face-off versus Calle Jarnkrok in BANFF WOLVES zone.
2:53 of 3rd period - Shot by Jason Zucker.
2:53 of 3rd period - Deflect By James Neal.
2:53 of 3rd period - Stopped by Malcolm Subban with a rebound.
2:55 of 3rd period - Shot by Jamie Oleksiak.
2:55 of 3rd period - Stopped by Malcolm Subban without a rebound.
2:56 of 3rd period - Jack Eichel wins face-off versus Danton Heinen in SAN FRANCISCO SPIDERS zone.
3:45 of 3rd period - Icing by Tyler Myers.
3:46 of 3rd period - Roope Hintz wins face-off versus Danton Heinen in SAN FRANCISCO SPIDERS zone.
5:13 of 3rd period - Shot by Kevin Labanc.
5:13 of 3rd period - Shot Misses the Net.
5:36 of 3rd period - Shot by Kevin Labanc.
5:36 of 3rd period - Shot Misses the Net.
5:38 of 3rd period - Shot by Taylor Fedun.
5:38 of 3rd period - Shot Blocked by Nate Schmidt.
5:40 of 3rd period - Shot by Kevin Labanc.
5:40 of 3rd period - Deflect By James van Riemsdyk.
5:40 of 3rd period - Stopped by Malcolm Subban with a rebound.
6:22 of 3rd period - Shot by James Neal.
6:22 of 3rd period - Stopped by Malcolm Subban without a rebound.
6:23 of 3rd period - Danton Heinen wins face-off versus Miles Wood in SAN FRANCISCO SPIDERS zone.
6:23 of 3rd period - Danton Heinen is hit by Mike Ferland.
6:41 of 3rd period - Shot by Danton Heinen.
6:41 of 3rd period - Shot Blocked by Miro Heiskanen.
6:49 of 3rd period - Shot by Miles Wood.
6:49 of 3rd period - Shot Misses the Net.
6:51 of 3rd period - Shot by Mathew Dumba.
6:51 of 3rd period - Shot Misses the Net.
6:53 of 3rd period - Shot by Miro Heiskanen.
6:53 of 3rd period - Shot Blocked by Tyler Myers.
7:04 of 3rd period - Off-side.
7:05 of 3rd period - Joel Kellman wins face-off versus Kirby Dach in neutral zone.
7:49 of 3rd period - Icing by Kevin Labanc.
7:50 of 3rd period - Joel Kellman wins face-off versus Calle Jarnkrok in BANFF WOLVES zone.
7:50 of 3rd period - Joel Kellman is hit by Dominik Simon.
8:14 of 3rd period - Shot by Nikita Gusev.
8:14 of 3rd period - Deflect By Alex Tuch.
8:14 of 3rd period - Stopped by Malcolm Subban without a rebound.
8:15 of 3rd period - Jack Eichel wins face-off versus Danton Heinen in SAN FRANCISCO SPIDERS zone.
8:16 of 3rd period - Shot by James Neal.
8:16 of 3rd period - Shot Misses the Net.
9:32 of 3rd period - Shot by Roope Hintz.
9:32 of 3rd period - Shot Blocked by Tyler Myers.
9:34 of 3rd period - Shot by Roope Hintz.
9:34 of 3rd period - Stopped by Malcolm Subban with a rebound.
9:44 of 3rd period - Shot by Nikita Gusev.
9:44 of 3rd period - Shot Blocked by Michael Stone.
9:46 of 3rd period - Shot by Roope Hintz.
9:46 of 3rd period - Shot Misses the Net.
9:50 of 3rd period - Shot by Roope Hintz.
9:50 of 3rd period - Deflect By Alex Tuch.
9:50 of 3rd period - Shot Misses the Net.
10:27 of 3rd period - Darnell Nurse is hit by Joel Kellman and loses puck.
10:59 of 3rd period - Icing by Kevin Labanc.
11:00 of 3rd period - Erik Haula wins face-off versus James van Riemsdyk in BANFF WOLVES zone.
11:19 of 3rd period - Shot by Alex Chiasson.
11:19 of 3rd period - Stopped by Ilya Samsonov with a rebound.
11:27 of 3rd period - Nate Schmidt is hit by Kevin Labanc and loses puck.
12:06 of 3rd period - Nikita Gusev is hit by Darnell Nurse and loses puck.
12:48 of 3rd period - Jason Zucker is hit by Darnell Nurse and loses puck.
13:25 of 3rd period - Shot by Kirby Dach.
13:25 of 3rd period - Shot Misses the Net.
14:33 of 3rd period - Shot by Alexander Kerfoot.
14:33 of 3rd period - Stopped by Ilya Samsonov without a rebound.
14:34 of 3rd period - Danton Heinen wins face-off versus Jack Eichel in BANFF WOLVES zone.
15:00 of 3rd period - Minor Penalty to James Neal for Charging.
15:01 of 3rd period - Roope Hintz wins face-off versus Alex Chiasson in BANFF WOLVES zone.
15:45 of 3rd period - Shot by Darnell Nurse.
15:45 of 3rd period - Stopped by Ilya Samsonov without a rebound.
15:46 of 3rd period - Jack Eichel wins face-off versus Danton Heinen in BANFF WOLVES zone.
16:01 of 3rd period - Shot by Andrei Svechnikov.
16:01 of 3rd period - Deflect By Danton Heinen.
16:01 of 3rd period - Stopped by Ilya Samsonov without a rebound.
16:02 of 3rd period - Erik Haula wins face-off versus Roope Hintz in BANFF WOLVES zone.
16:15 of 3rd period - Icing by Darnell Nurse.
16:16 of 3rd period - Jack Eichel wins face-off versus Alex Chiasson in SAN FRANCISCO SPIDERS zone.
16:35 of 3rd period - Shot by Erik Haula.
16:35 of 3rd period - Shot Hit the Post.
16:37 of 3rd period - Shot by Alex Chiasson.
16:37 of 3rd period - Shot Misses the Net.
16:39 of 3rd period - Shot by Darnell Nurse.
16:39 of 3rd period - Stopped by Ilya Samsonov without a rebound.
16:40 of 3rd period - Danton Heinen wins face-off versus Roope Hintz in BANFF WOLVES zone.
16:41 of 3rd period - Shot by Andrei Svechnikov.
16:41 of 3rd period - Shot Misses the Net.
16:45 of 3rd period - Shot by Danton Heinen.
16:45 of 3rd period - Stopped by Ilya Samsonov without a rebound.
16:46 of 3rd period - Danton Heinen wins face-off versus Roope Hintz in BANFF WOLVES zone.
16:51 of 3rd period - Shot by Danton Heinen.
16:51 of 3rd period - Stopped by Ilya Samsonov without a rebound.
16:52 of 3rd period - Roope Hintz wins face-off versus Danton Heinen in BANFF WOLVES zone.
17:41 of 3rd period - Jack Eichel is hit by Eric Robinson and loses puck.
18:14 of 3rd period - Shot by Alex Chiasson.
18:14 of 3rd period - Stopped by Ilya Samsonov without a rebound.
18:15 of 3rd period - Roope Hintz wins face-off versus Calle Jarnkrok in BANFF WOLVES zone.
18:51 of 3rd period - Shot by Calle Jarnkrok.
18:51 of 3rd period - Shot Misses the Net.
19:06 of 3rd period - Icing by Roope Hintz.
19:07 of 3rd period - Erik Haula wins face-off versus Roope Hintz in BANFF WOLVES zone.
19:10 of 3rd period - Shot by Andrei Svechnikov.
19:10 of 3rd period - Stopped by Ilya Samsonov without a rebound.
19:11 of 3rd period - Jack Eichel wins face-off versus Erik Haula in BANFF WOLVES zone.
19:16 of 3rd period - BANFF WOLVES, Ilya Samsonov is pulled from the net.
19:16 of 3rd period - Shot by Nikita Gusev.
19:16 of 3rd period - Goal by Nikita Gusev - BANFF WOLVES : 2 - SAN FRANCISCO SPIDERS : 2.
19:16 of 3rd period - Ilya Samsonov from BANFF WOLVES was sent back in the game.
19:17 of 3rd period - Joel Kellman wins face-off versus Erik Haula in neutral zone.
19:32 of 3rd period - Shot by James van Riemsdyk.
19:32 of 3rd period - Stopped by Malcolm Subban without a rebound.
19:33 of 3rd period - Jack Eichel wins face-off versus Kirby Dach in SAN FRANCISCO SPIDERS zone.
19:40 of 3rd period - Shot by Jason Zucker.
19:40 of 3rd period - Stopped by Malcolm Subban without a rebound.
19:41 of 3rd period - Joel Kellman wins face-off versus Erik Haula in SAN FRANCISCO SPIDERS zone.
19:41 of 3rd period - Kevin Labanc is hit by Darnell Nurse and loses puck.
Goals for this period are 1 for BANFF WOLVES vs 0 for SAN FRANCISCO SPIDERS.
Shots for this period are 10 for BANFF WOLVES vs 10 for SAN FRANCISCO SPIDERS.

Overtime #1


0:01 of 1st overtime period - Jack Eichel wins face-off versus Eric Robinson in neutral zone.
0:06 of 1st overtime period - Shot by Jack Eichel.
0:06 of 1st overtime period - Deflect By James Neal.
0:06 of 1st overtime period - Stopped by Malcolm Subban without a rebound.
0:07 of 1st overtime period - Jack Eichel wins face-off versus Eric Robinson in SAN FRANCISCO SPIDERS zone.
0:08 of 1st overtime period - Shot by James Neal.
0:08 of 1st overtime period - Shot Misses the Net.
0:25 of 1st overtime period - Shot by Eric Robinson.
0:25 of 1st overtime period - Shot Misses the Net.
0:27 of 1st overtime period - Shot by Eric Robinson.
0:27 of 1st overtime period - Stopped by Ilya Samsonov without a rebound.
0:28 of 1st overtime period - Jack Eichel wins face-off versus Andrei Svechnikov in BANFF WOLVES zone.
0:35 of 1st overtime period - Shot by James Neal.
0:35 of 1st overtime period - Stopped by Malcolm Subban without a rebound.
0:36 of 1st overtime period - Jack Eichel wins face-off versus Andrei Svechnikov in SAN FRANCISCO SPIDERS zone.
0:56 of 1st overtime period - Shot by Andrei Svechnikov.
0:56 of 1st overtime period - Shot Misses the Net.
0:58 of 1st overtime period - Shot by Andrei Svechnikov.
0:58 of 1st overtime period - Stopped by Ilya Samsonov with a rebound.
1:05 of 1st overtime period - Shot by Eric Robinson.
1:05 of 1st overtime period - Stopped by Ilya Samsonov without a rebound.
1:06 of 1st overtime period - Erik Haula wins face-off versus Miles Wood in BANFF WOLVES zone.
2:15 of 1st overtime period - Icing by Miro Heiskanen.
2:16 of 1st overtime period - Jack Eichel wins face-off versus Milan Lucic in BANFF WOLVES zone.
2:25 of 1st overtime period - Shot by James Neal.
2:25 of 1st overtime period - Stopped by Malcolm Subban without a rebound.
2:26 of 1st overtime period - Eric Robinson wins face-off versus Jack Eichel in SAN FRANCISCO SPIDERS zone.
2:40 of 1st overtime period - Shot by Andrei Svechnikov.
2:40 of 1st overtime period - Shot Misses the Net.
2:42 of 1st overtime period - Shot by Tyler Myers.
2:42 of 1st overtime period - Shot Blocked by James Neal.
2:44 of 1st overtime period - Shot by Andrei Svechnikov.
2:44 of 1st overtime period - Goal by Andrei Svechnikov - BANFF WOLVES : 2 - SAN FRANCISCO SPIDERS : 3.
Goals for this period are 0 for BANFF WOLVES vs 1 for SAN FRANCISCO SPIDERS.
Shots for this period are 3 for BANFF WOLVES vs 4 for SAN FRANCISCO SPIDERS.


CAMERON
TALBOT
ROBERT
THOMAS
JOSHUA
MORRISSEY

EAST COAST

HOCKEY LEAGUE

  • 5.MAN2PIT5
  • 6.NHW2ATL6
  • 7.PET2WOR3
  • 8.RHI15
  • 9.CHIQUE
  • 10.LIMCHA
  • 11.LONTRV
  • 12.BALCHW